SAA
IRVING BLUE SOX @ VIRGINIA BEACH DEUCES
08/01/2021
 
TOP OF THE 1ST
Irving Blue Sox batting - Pitching for Virginia Beach Deuces : LHP Benjamin Brouwer
Pitching: LHP Benjamin Brouwer
Batting: RHB Alfredo Chávez 0-0: SINGLE (Line Drive, 7S)
Batting: RHB Dave Ash 0-0: Ball
1-0: Called Strike
1-1: Ball
2-1: Fielders Choice at 2nd, 1-6 (Groundball, 15)
Batting: RHB Stewart Ralston 0-0: Ball
1-0: Foul Ball, location: 2F
1-1: Called Strike
1-2: Strikes out swinging
Batting: RHB Júlio López 0-0: Called Strike
0-1: Fly out, F6 (Popup, 6MD)
Top of the 1st over - 0 run(s), 1 hit(s), 0 error(s), 1 left on base; Irving 0 - Virginia Beach 0
BOTTOM OF THE 1ST
Virginia Beach Deuces batting - Pitching for Irving Blue Sox : LHP Carlos Hernández
Pitching: LHP Carlos Hernández
Batting: LHB Alberto Enríquez 0-0: Foul Ball, location: 2F
0-1: Ball
1-1: Foul Ball, location: 2F
1-2: Foul Ball, location: 2F
1-2: Ball
2-2: Ball
3-2: Foul Ball, location: 2F
3-2: Strikes out swinging
Batting: LHB Salvadaro Meireles 0-0: Called Strike
0-1: Fly out, F9 (Flyball, 89XD)
Batting: RHB Lorenzo Ramírez 0-0: Foul Ball, location: 2F
0-1: Fly out, F4 (Popup, 34)
Bottom of the 1st over - 0 run(s), 0 hit(s), 0 error(s), 0 left on base; Irving 0 - Virginia Beach 0
TOP OF THE 2ND
Irving Blue Sox batting - Pitching for Virginia Beach Deuces : LHP Benjamin Brouwer
Batting: RHB Jorge López 0-0: Ball
1-0: Called Strike
1-1: Called Strike
1-2: Ball
2-2: Ball
3-2: Strikes out looking
Batting: RHB Robert Jackson 0-0: Ball
1-0: Ball
2-0: Bunt for hit - play at first, batter safe!
Batting: RHB Stan Barnes 0-0: Called Strike
0-1: Ball
1-1: Ball
2-1: SINGLE (Groundball, 56D)
Robert Jackson to second
Batting: RHB Dustin Johnstone 0-0: Called Strike
0-1: Called Strike
0-2: Strikes out looking
Batting: LHB Kyle James 0-0: Ball
1-0: Called Strike
1-1: Ball
2-1: Called Strike
2-2: Ground out 3-1 (Groundball, 34S)
Top of the 2nd over - 0 run(s), 2 hit(s), 0 error(s), 2 left on base; Irving 0 - Virginia Beach 0
BOTTOM OF THE 2ND
Virginia Beach Deuces batting - Pitching for Irving Blue Sox : LHP Carlos Hernández
Batting: RHB Luis Sáenz 0-0: Ground out U3 (Groundball, 3S)
Batting: SHB José Quintero 0-0: SINGLE (Groundball, 34D)
Batting: SHB Mark Kennedy 0-0: Ball
1-0: Ball
2-0: Foul Ball, location: 2F
2-1: Ball
3-1: Called Strike
3-2: Foul Ball, location: 2F
3-2: Foul Ball, location: 2F
3-2: Foul Ball, location: 2F
3-2: Fly out, F4 (Popup, 4)
Batting: RHB Gerald Sims 0-0: Called Strike
0-1: Fly out, F8 (Flyball, 8RM)
Bottom of the 2nd over - 0 run(s), 1 hit(s), 0 error(s), 1 left on base; Irving 0 - Virginia Beach 0
TOP OF THE 3RD
Irving Blue Sox batting - Pitching for Virginia Beach Deuces : LHP Benjamin Brouwer
Batting: RHB Alfredo Chávez 0-0: Ball
1-0: Foul Ball, location: 2F
1-1: Foul Ball, location: 2F
1-2: Ball
2-2: Ball
3-2: Foul Ball, location: 2F
3-2: SINGLE (Groundball, 23) (infield hit)
Batting: RHB Dave Ash 0-0: Ground out 3-1 (Groundball, 34S)
Alfredo Chávez to second
Batting: RHB Stewart Ralston 0-0: Ball
Alfredo Chávez steals 3rd base
1-0: Ground out 5-3 (Groundball, 56)
Alfredo Chávez scores
Batting: RHB Júlio López 0-0: Foul Ball, location: 2F
0-1: Foul Ball, location: 2F
0-2: Strikes out swinging
Top of the 3rd over - 1 run(s), 1 hit(s), 0 error(s), 0 left on base; Irving 1 - Virginia Beach 0
BOTTOM OF THE 3RD
Virginia Beach Deuces batting - Pitching for Irving Blue Sox : LHP Carlos Hernández
Batting: RHB Dana Akers 0-0: Fly out, F3 (Popup, 3DF)
Batting: RHB Jim Unknown 0-0: Ball
1-0: Ball
2-0: Ball
3-0: Base on Balls
Batting: LHB Alberto Enríquez 0-0: Called Strike
0-1: Ball
1-1: Fly out, F7 (Flyball, 7M)
Batting: LHB Salvadaro Meireles 0-0: Ball
Jim Unknown is caught stealing 2nd base
Bottom of the 3rd over - 0 run(s), 0 hit(s), 0 error(s), 0 left on base; Irving 1 - Virginia Beach 0
TOP OF THE 4TH
Irving Blue Sox batting - Pitching for Virginia Beach Deuces : LHP Benjamin Brouwer
Batting: RHB Jorge López 0-0: Ground out 1-3 (Groundball, 13S)
Batting: RHB Robert Jackson 0-0: Ball
1-0: Swinging Strike
1-1: Foul Ball, location: 2F
1-2: Fly out, F7 (Flyball, 7D)
Batting: RHB Stan Barnes 0-0: Ball
1-0: Ground out 6-3 (Groundball, 56)
Top of the 4th over - 0 run(s), 0 hit(s), 0 error(s), 0 left on base; Irving 1 - Virginia Beach 0
BOTTOM OF THE 4TH
Virginia Beach Deuces batting - Pitching for Irving Blue Sox : LHP Carlos Hernández
Batting: LHB Salvadaro Meireles 0-0: Swinging Strike
0-1: Swinging Strike
0-2: Strikes out swinging
Batting: RHB Lorenzo Ramírez 0-0: Ball
1-0: Ground out 6-3 (Groundball, 56)
Batting: RHB Luis Sáenz 0-0: Ball
1-0: Ball
2-0: Ball
3-0: Called Strike
3-1: Foul Ball, location: 2F
3-2: Fly out, F9 (Flyball, 9D)
Bottom of the 4th over - 0 run(s), 0 hit(s), 0 error(s), 0 left on base; Irving 1 - Virginia Beach 0
TOP OF THE 5TH
Irving Blue Sox batting - Pitching for Virginia Beach Deuces : LHP Benjamin Brouwer
Batting: RHB Dustin Johnstone 0-0: Called Strike
0-1: Ball
1-1: Ball
2-1: Ground out 5-3 (Groundball, 56)
Batting: LHB Kyle James 0-0: Foul Ball, location: 2F
0-1: Called Strike
0-2: Ball
1-2: Ball
2-2: Ball
3-2: Base on Balls
Batting: RHB Alfredo Chávez 0-0: Foul Ball, location: 2F
0-1: Ball
1-1: Called Strike
1-2: Ball
2-2: Strikes out swinging
Batting: RHB Dave Ash 0-0: Called Strike
0-1: Foul Ball, location: 2F
0-2: Foul Ball, location: 2F
0-2: Foul Ball, location: 2F
0-2: Foul Ball, location: 2F
0-2: Ball
1-2: Strikes out looking
Top of the 5th over - 0 run(s), 0 hit(s), 0 error(s), 1 left on base; Irving 1 - Virginia Beach 0
BOTTOM OF THE 5TH
Virginia Beach Deuces batting - Pitching for Irving Blue Sox : LHP Carlos Hernández
Batting: SHB José Quintero 0-0: Ball
1-0: Called Strike
1-1: Swinging Strike
1-2: Ball
2-2: Ground out 1-3 (Groundball, 13S)
Batting: SHB Mark Kennedy 0-0: Ball
1-0: Ball
2-0: Called Strike
2-1: Ball
3-1: Base on Balls
Batting: RHB Gerald Sims 0-0: Ball
Wild Pitch!
Mark Kennedy to second
1-0: Ground out 6-3 (Groundball, 6M)
Mark Kennedy to third
Batting: RHB Dana Akers 0-0: Ball
1-0: Ball
2-0: Called Strike
2-1: Called Strike
2-2: Strikes out swinging
Bottom of the 5th over - 0 run(s), 0 hit(s), 0 error(s), 1 left on base; Irving 1 - Virginia Beach 0
TOP OF THE 6TH
Irving Blue Sox batting - Pitching for Virginia Beach Deuces : LHP Benjamin Brouwer
Batting: RHB Stewart Ralston 0-0: Foul Ball, location: 2F
0-1: Swinging Strike
0-2: Ball
1-2: DOUBLE (Flyball, 89XD)
Batting: RHB Júlio López 0-0: Called Strike
0-1: SINGLE (Line Drive, 6M)
Stewart Ralston to third
Batting: RHB Jorge López 0-0: Ball
1-0: Ball
2-0: Called Strike
2-1: Foul Ball, location: 2F
2-2: Strikes out swinging
Batting: RHB Robert Jackson 0-0: Ball
1-0: Ball
2-0: Ball
3-0: Called Strike
3-1: Base on Balls
Júlio López to second
Batting: RHB Stan Barnes 0-0: Foul Ball, location: 2F
0-1: Swinging Strike
0-2: Ball
1-2: Ball
2-2: Fly out, F8 (Popup, 8LS)
Batting: RHB Dustin Johnstone 0-0: Called Strike
0-1: Ball
1-1: Ball
2-1: Foul Ball, location: 2F
2-2: Strikes out swinging
Top of the 6th over - 0 run(s), 2 hit(s), 0 error(s), 3 left on base; Irving 1 - Virginia Beach 0
BOTTOM OF THE 6TH
Virginia Beach Deuces batting - Pitching for Irving Blue Sox : LHP Carlos Hernández
Batting: RHB Jim Unknown 0-0: SINGLE (Line Drive, 7LS)
Batting: LHB Alberto Enríquez 0-0: Bunted foul
0-1: Ball
1-1: Ball
2-1: Sac Bunt - play at first, batter OUT! 2-4
Jim Unknown to second
Batting: LHB Salvadaro Meireles 0-0: Called Strike
0-1: Ball
1-1: Ball
2-1: Ball
3-1: Swinging Strike
3-2: Foul Ball, location: 2F
3-2: Fly out, F4 (Popup, 9S)
Batting: RHB Lorenzo Ramírez 0-0: Ball
1-0: Called Strike
1-1: Foul Ball, location: 2F
1-2: Foul Ball, location: 2F
1-2: Strikes out swinging
Bottom of the 6th over - 0 run(s), 1 hit(s), 0 error(s), 1 left on base; Irving 1 - Virginia Beach 0
TOP OF THE 7TH
Irving Blue Sox batting - Pitching for Virginia Beach Deuces : LHP Benjamin Brouwer
Batting: LHB Kyle James 0-0: Ball
1-0: SINGLE (Line Drive, 4D)
Batting: RHB Alfredo Chávez 0-0: Sac Bunt - play at second, runner OUT! 1-6
Batting: RHB Dave Ash 0-0: Ball
1-0: Ball
2-0: Ball
3-0: Base on Balls
Alfredo Chávez to second
Pinch Hitting: RHB Will Hunter 0-0: Ball
1-0: Foul Ball, location: 2F
1-1: Swinging Strike
1-2: Ball
2-2: Ball
3-2: Grounds into double play, 6-4-3 (Groundball, 6)
Top of the 7th over - 0 run(s), 1 hit(s), 0 error(s), 1 left on base; Irving 1 - Virginia Beach 0
BOTTOM OF THE 7TH
Virginia Beach Deuces batting - Pitching for Irving Blue Sox : LHP Carlos Hernández
Now in LF: Jack MacAsgill
Batting: RHB Luis Sáenz 0-0: Called Strike
0-1: Ball
1-1: Foul Ball, location: 2F
1-2: Ball
2-2: Ball
3-2: Strikes out swinging
Batting: SHB José Quintero 0-0: Foul Ball, location: 2F
0-1: Ball
1-1: Ball
2-1: Ball
3-1: Called Strike
3-2: Ground out 6-3 (Groundball, 6)
Batting: SHB Mark Kennedy 0-0: Ball
1-0: Swinging Strike
1-1: Ball
2-1: Ball
3-1: Fly out, F9 (Flyball, 9M)
Bottom of the 7th over - 0 run(s), 0 hit(s), 0 error(s), 0 left on base; Irving 1 - Virginia Beach 0
TOP OF THE 8TH
Irving Blue Sox batting - Pitching for Virginia Beach Deuces : LHP Benjamin Brouwer
Batting: RHB Júlio López 0-0: Foul Ball, location: 2F
0-1: Ball
1-1: Swinging Strike
1-2: Fly out, F9 (Flyball, 9D)
Batting: RHB Jorge López 0-0: Foul Ball, location: 2F
0-1: Called Strike
0-2: Ball
1-2: Fly out, F8 (Flyball, 89M)
Batting: RHB Robert Jackson 0-0: Ball
1-0: Called Strike
1-1: Swinging Strike
1-2: SINGLE (Groundball, 6MD)
Batting: RHB Stan Barnes 0-0: Ball
Robert Jackson is caught stealing 2nd base
Top of the 8th over - 0 run(s), 1 hit(s), 0 error(s), 0 left on base; Irving 1 - Virginia Beach 0
BOTTOM OF THE 8TH
Virginia Beach Deuces batting - Pitching for Irving Blue Sox : LHP Carlos Hernández
Batting: RHB Gerald Sims 0-0: Called Strike
0-1: Ball
1-1: Swinging Strike
1-2: Fly out, F9 (Flyball, 9LM)
Batting: RHB Dana Akers 0-0: Ball
1-0: Ball
2-0: Ball
3-0: Base on Balls
Batting: RHB Jim Unknown 0-0: Ball
1-0: Ball
Passed Ball!
Dana Akers to second
2-0: Ball
3-0: Called Strike
3-1: Foul Ball, location: 2F
3-2: Foul Ball, location: 2F
3-2: Base on Balls
Pinch Hitting: SHB Jim Unknown 0-0: Foul Ball, location: 2F
0-1: Fly out, F9 (Flyball, 89S)
Batting: LHB Salvadaro Meireles 0-0: Called Strike
0-1: Ball
1-1: Called Strike
1-2: Strikes out swinging
Bottom of the 8th over - 0 run(s), 0 hit(s), 0 error(s), 2 left on base; Irving 1 - Virginia Beach 0
TOP OF THE 9TH
Irving Blue Sox batting - Pitching for Virginia Beach Deuces : LHP Benjamin Brouwer
Now in RF: Jim Unknown
Batting: RHB Stan Barnes 0-0: Called Strike
0-1: Ball
1-1: Ball
2-1: Called Strike
2-2: Ground out 1-3 (Groundball, 13)
Batting: RHB Dustin Johnstone 0-0: Ball
1-0: Ball
2-0: Swinging Strike
2-1: DOUBLE (Flyball, 78XD)
Pitching: RHP Cam Herman
Batting: LHB Kyle James 0-0: Ball
1-0: Called Strike
1-1: Ball
2-1: Ball
3-1: Base on Balls
Pinch Hitting: SHB Curt Finley 0-0: Ball
1-0: Foul Ball, location: 2F
1-1: Called Strike
1-2: Ball
2-2: Ball
3-2: Fly out, F8 (Flyball, 8LM)
Batting: RHB Dave Ash 0-0: Called Strike
0-1: Fly out, F9 (Line Drive, 89M)
Top of the 9th over - 0 run(s), 1 hit(s), 0 error(s), 2 left on base; Irving 1 - Virginia Beach 0
BOTTOM OF THE 9TH
Virginia Beach Deuces batting - Pitching for Irving Blue Sox : LHP Carlos Hernández
Now at 3B: Curt Finley
Batting: RHB Lorenzo Ramírez 0-0: Called Strike
0-1: Called Strike
0-2: Ball
1-2: Ball
2-2: SINGLE (Line Drive, 6MD)
Pitching: RHP Domingo Álvarez
Pinch Hitting: LHB Jim Unknown 0-0: Called Strike
0-1: Fly out, F9 (Flyball, 9M)
Batting: SHB José Quintero 0-0: Called Strike
0-1: Ball
1-1: Fielders Choice at 2nd, 6-4 (Groundball, 6M)
Batting: SHB Mark Kennedy 0-0: Foul Ball, location: 2F
0-1: Ball
1-1: Ball
2-1: Foul Ball, location: 2F
2-2: Foul Ball, location: 2F
2-2: Strikes out looking
Bottom of the 9th over - 0 run(s), 1 hit(s), 0 error(s), 1 left on base; Irving 1 - Virginia Beach 0
This league is powered by Out of the Park Baseball, the baseball management simulation game for PC, Mac and Linux
Friday, January 22nd, 2016 - OOTP Baseball 16.9 Build 39